 Dungeon Crawl Stone Soup version 0.30.0-5-g1a98f26d00 (webtiles) character file.

Game seed: 1014711994225579264

14 LaggoTC the Vexing (level 2, 0/23 HPs)
             Began as a Gnoll Hexslinger on May 13, 2023.
             Succumbed to an adder's poison
             ... on level 2 of the Dungeon.
             The game lasted 00:03:20 (805 turns).

LaggoTC the Vexing (Gnoll Hexslinger)                Turns: 805, Time: 00:03:20

Health: 0/23       AC:  2    Str:  9    XL:     2   Next: 45%
Magic:  5/5        EV: 13    Int: 12    God:
Gold:   47         SH:  0    Dex: 12    Spells: 5/6 levels left

rFire   . . .        h - +0 spear
rCold   . . .        (no shield)
rNeg    . . .        i - +0 robe
rPois   .            (no helmet)
rElec   .            (no cloak)
rCorr   .            (no gloves)
SInv    .            (no boots)
Will    .....        (no amulet)
Stlth   +            (no ring)
HPRegen 0.23/turn    (no ring)
MPRegen 0.09/turn

%: no passive effects
@: lethally poisoned (0 -> -1)
A: fangs 1, strong nose, distributed training
a: no special abilities


You were on level 2 of the Dungeon.
You visited 1 branch of the dungeon, and saw 2 of its levels.

You collected 47 gold pieces.

Inventory:

Hand Weapons
 a - a +1 sling
 h - a +0 spear (weapon)
Armour
 c - a +0 robe
 i - a +0 robe (worn)
Scrolls
 b - a scroll of poison
 d - a scroll of enchant armour {unknown}
 f - a scroll of noise {unknown}
Potions
 e - a potion of might {unknown}
 g - a potion of brilliance {unknown}


   Skills:
 + Level 2.5 Fighting
 + Level 0.4 Short Blades
 + Level 0.4 Long Blades
 + Level 0.4 Axes
 + Level 0.4 Maces & Flails
 + Level 0.4 Polearms
 + Level 0.4 Staves
 + Level 4.5 Ranged Weapons
 + Level 0.4 Throwing
 + Level 0.4 Armour
 + Level 4.5 Dodging
 + Level 0.4 Stealth
 + Level 0.4 Shields
 + Level 0.4 Unarmed Combat
 + Level 2.7 Spellcasting
 + Level 0.2 Conjurations
 + Level 5.3 Hexes
 + Level 0.2 Summonings
 + Level 0.2 Necromancy
 + Level 0.2 Translocations
 + Level 0.2 Transmutations
 + Level 0.2 Fire Magic
 + Level 0.2 Ice Magic
 + Level 0.2 Air Magic
 + Level 0.2 Earth Magic
 + Level 0.2 Poison Magic
 + Level 0.5 Invocations
 + Level 0.4 Evocations


You had 5 spell levels left.
You knew the following spells:

 Your Spells              Type           Power      Damage    Failure   Level
a - Slow                  Hex            56%        N/A       2%          1

Your spell library contained the following spells:

 Spells                   Type           Power      Damage    Failure   Level
 Inner Flame              Hex/Fire       8%         N/A       24%         3
 Portal Projectile        Hex/Tloc       16%        N/A       24%         3
 Cause Fear               Hex            7%         N/A       28%         4


Dungeon Overview and Level Annotations

Branches:
Dungeon (2/15)

Altars:


Innate Abilities, Weirdness & Mutations

You have very sharp teeth.
Your uncanny sense of smell can sniff out nearby items.
Your experience applies equally to all skills.


Message History

The ball python closely misses you. The adder bites you.
You closely miss the adder.
The adder is lightly wounded.
The ball python closely misses you. The ball python completely misses you.
The adder closely misses you.
The ball python bites you but does no damage.
The ball python barely misses you.
You hit the adder but do no damage.
The adder is lightly wounded.
The adder bites you but does no damage. The ball python bites you.
The ball python misses you. The adder bites you.
You are poisoned.
The adder poisons you!
You barely miss the adder.
The adder is lightly wounded.
You feel sick. The ball python closely misses you. The ball python grabs you.
The ball python constricts you. The adder closely misses you.
You barely miss the adder. You punch the adder.
The adder is moderately wounded.
You feel sick. The ball python barely misses you.
The ball python constricts you. The adder bites you. The ball python bites you.
The ball python constricts you.
You escape the ball python's grasp.
You feel sick. The adder closely misses you.
You miss the adder.
The adder is moderately wounded.
You feel sick. The adder bites you.
* * * LOW HITPOINT WARNING * * *
The ball python barely misses you. The ball python grabs you.
The ball python constricts you.
You hit the adder.
The adder is severely wounded.
* * * LOW HITPOINT WARNING * * *
You feel sick. The adder barely misses you. The ball python misses you.
The ball python constricts you.
* * * LOW HITPOINT WARNING * * *
The adder barely misses you.
You escape the ball python's grasp.
The adder attacks as you move away! The adder barely misses you.
You die...

#.......( .
#....... ...
...... ....
#....#
.....##....## ##
.. ....... ..
###.##...##.##..
+.....S....!....
###...S#@.......
#....#..#...<.
...........#
##..
.###....#..#
#....#..#
#....#...
#....#.##$
.....#.# ..


You could see an adder.

Vanquished Creatures
  A dart slug (D:1)
  2 bats (D:1)
  A giant cockroach (D:1)
  A goblin (D:1)
  A quokka (D:1)
  2 ball pythons (D:1)
  2 frilled lizards (D:1)
  2 kobolds (D:1)
12 creatures vanquished.

Notes
Turn   | Place    | Note
-------+----------+-------------------------------------------
     0 | D:1      | LaggoTC the Gnoll Hexslinger began the quest for the Orb.
     0 | D:1      | Reached XP level 1. HP: 17/17 MP: 4/4
   163 | D:1      | Reached XP level 2. HP: 11/23 MP: 5/5
   224 | D:1      | Found a faded altar of an unknown god.
   804 | D:2      | HP: 1/23 [constriction (1)]
   805 | D:2      | Succumbed to an adder's poison

Illustrated notes

Levels and vault maps discovered:
D:1:      dpeg_arrival_tiny_a, layout_rooms,
          hellmonk_ecumenical_altar_inner_sanctum
D:2:      layout_basic

Action                     || total
---------------------------++-------
  Melee: Spear             ||    45
         Bite              ||     4
         Punch             ||     1
   Fire: Sling             ||     9
 Armour: Robe              ||    19
  Dodge: Dodged            ||    58
